 Dungeon Crawl Stone Soup version 0.28.0 (webtiles) character file.

Game seed: 18192606620134647403

5 ProzacElf the Skirmisher (level 1, 0/18 HPs)
             Began as a Demonspawn Chaos Knight on Feb 6, 2022.
             Was a Plaything of Xom.
             Slain by a quokka (1 damage)
             ... on level 1 of the Dungeon.
             The game lasted 00:00:50 (168 turns).

ProzacElf the Skirmisher (Demonspawn Chaos Knight)   Turns: 168, Time: 00:00:50

Health: 0/18       AC:  5    Str: 12    XL:     1   Next: 66%
Magic:  1/1        EV: 11    Int: 13    God:    Xom [..*...]
Gold:   25         SH:  0    Dex: 12    Spells: 0/0 levels left

rFire   . . .      SeeInvis .   a - +0 falchion (chaos)
rCold   . . .      Faith    .   (no shield)
rNeg    . . .      Spirit   .   b - +2 leather armour
rPois   .          Reflect  .   (no helmet)
rElec   .          Harm     .   (no cloak)
rCorr   .          Rampage  .   (no gloves)
Will    .....                   (no boots)
Stlth   +.........              (no amulet)
HPRegen 0.06/turn               (no ring)
MPRegen 0.07/turn               (no ring)

@: no status effects
A: no striking features
a: Renounce Religion


You were on level 1 of the Dungeon.
You worshipped Xom.
You were a toy of Xom.
You visited 1 branch of the dungeon, and saw 1 of its levels.

You collected 25 gold pieces.

Inventory:

Hand Weapons
 a - a +0 falchion of chaos (weapon)
Armour
 b - a +2 leather armour (worn)
Scrolls
 c - 3 scrolls of identify {unknown}
 d - a scroll of summoning {unknown}
 e - a scroll of noise {unknown}
 f - a scroll of silence {unknown}


   Skills:
 - Level 3.0 Fighting
 + Level 2.9 Long Blades
 - Level 1.7 Armour
 + Level 1.2 Dodging


You couldn't memorise any spells.
You didn't know any spells.
Your spell library was empty.

Dungeon Overview and Level Annotations

Branches:
Dungeon (1/15)

Altars:


Message History

Ye now haf 25 gold pieces (gain'd 15).
Found a faded altar o' an unknown god.
A quokka comes inta view.
Thar be a faded altar o' an unknown god 'ere.
Tha quokka closely misses ye.
Ye hit tha quokka.
Tha quokka goes berserk!
Tha quokka be moderately wounded.
Tha quokka barely misses ye.
Tha quokka bites ye.
Ye take 5 damage, an' haf 13/18 hp.
MASSIVE DAMAGE!!
Ye miss tha quokka.
Tha quokka be moderately wounded.
Tha quokka barely misses ye.
Tha quokka bites ye.
Ye take 5 damage, an' haf 8/18 hp.
MASSIVE DAMAGE!!
Ye be too injured ta fight recklessly!
Ye be too injured ta fight recklessly!
Ye be too injured ta fight recklessly!
Ye be too injured ta fight recklessly!
Ye be too injured ta fight recklessly!
Ye hit tha quokka.
Tha quokka resists wit' significant effort.
Tha quokka be severely wounded.
Tha quokka bites ye but does nay damage. x2
Tha quokka bites ye.
* * * LOW HITPOINT WARNIN'
* * * Ye take 4 damage, an' haf 4/18 hp.
MASSIVE DAMAGE!!
Ye barely miss tha quokka.
Tha quokka be severely wounded.
Tha quokka closely misses ye.
Tha quokka bites ye.
* * * LOW HITPOINT WARNIN'
* * * Ye take 3 damage, an' haf 1/18 hp.
Ye closely miss tha quokka.
Tha quokka be severely wounded.
Tha quokka bites ye but does nay damage.
Tha quokka barely misses ye.
Ye miss tha quokka.
Tha quokka be severely wounded.
Tha quokka misses ye.
Tha quokka bites ye.
Ye die... "It was aboot time."

.........................
.#.........#....##...#)..
###.###.###..########...
#..P...P..#..# #...
#.#.#.#P#P#..# ####
#..P......#..#
###.###.###..#
#P..._..PP#..#
###P###@###..#
#..P...Pr.#.##
#.#P#P#P#.# #......P..# #
#P# #.# # .... ... ....
... .. ###


You could see a quokka (berserk).

Vanquished Creatures
  A ball python (D:1)
  A giant cockroach (D:1)
  2 bats (D:1)
  A kobold (D:1)
  A rat (D:1)
6 creatures vanquished.

Notes
Turn   | Place    | Note
-------+----------+-------------------------------------------
     0 | D:1      | ProzacElf the Demonspawn Chaos Knight began the quest for
                  | the Orb.
     0 | D:1      | Reached XP level 1. HP: 18/18 MP: 1/1
    49 | D:1      | Reached skill level 1 in Dodging
   158 | D:1      | Found a faded altar of an unknown god.
   168 | D:1      | Slain by a quokka

Illustrated notes

Levels and vault maps discovered:
D:1:      minmay_arrival_checkered_box, layout_rooms,
          shapermc_ecumenical_altar_mp_urbaneastern,
          nicolae_figureground_sparkle

Skill      XL: |  1 |
---------------+----+-----
Dodging        | 1 |  1.2
Fighting       | |  3.0
Long Blades    | |  2.9
Armour         | |  1.7

Action                   || total
-------------------------++-------
Melee: Falchion          ||    28
Armor: Leather armour    ||    16
Dodge: Dodged            ||    29
